 Dungeon Crawl Stone Soup version 0.29.0-5-ge4962eb29e (webtiles) character file.

Game seed: 9186269306170809014

53932 Shayle the Arsonist (level 14, -1/80 HPs)
             Began as a Tengu Brigand on Aug 28, 2022.
             Was a High Priest of Vehumet.
             Slain by an orc warlord
             ... wielding a +3 war axe
              (26 damage)
             ... on level 1 of the Orcish Mines.
             The game lasted 01:31:12 (25938 turns).

Shayle the Arsonist (Tengu Brigand)                Turns: 25938, Time: 01:31:13

Health: -1/80      AC:  8    Str: 13    XL:     14   Next: 70%
Magic:  6/40       EV: 18    Int: 15    God:    Vehumet [*****.]
Gold:   795        SH:  5    Dex: 16    Spells: 14/37 levels left

rFire   x . .      SeeInvis .   T - +11 trident of a sewer {venom, rC+ Will+}
rCold   + + .      Faith    .   (no shield)
rNeg    . . .      Spirit   .   b - +0 robe
rPois   .          Reflect  +   (helmet restricted)
rElec   .          Harm     .   c - +2 cloak
rCorr   .          Rampage  .   N - +2 pair of gloves
Will    ++...                   (boots unavailable)
Stlth   ++++......              s - amulet of reflection
HPRegen 0.23/turn               H - ring of magical power
MPRegen 0.27/turn               v - ring of ice

@: flying quickly and evasively, quick
A: beak, talons 3, nimble flight
a: Renounce Religion


You were on level 1 of the Orcish Mines.
You worshipped Vehumet.
Vehumet was extremely pleased with you.
You visited 4 branches of the dungeon, and saw 17 of its levels.
You also visited: Ice Cave.

You collected 1393 gold pieces.
You spent 598 gold pieces at shops.

Inventory:

Hand Weapons
 n - a +3 rapier of freezing
 B - a +2 whip of flaming
 F - the +4 short sword "Oliubeqe" {vorpal, Fly}
   (You bought it in a shop on level 5 of the Dungeon)

   It inflicts extra damage upon your enemies.
   Fly:       It grants you flight.
 J - a +2 vorpal scimitar
 T - the +11 trident of a sewer (weapon) {venom, rC+ Will+}
   (You found it on level 5 of the Lair of Beasts)

   It poisons the flesh of those it strikes.
   rC:        It protects you from cold.
   Will:      It increases your willpower.
Missiles
 d - 45 poisoned darts
 e - 2 curare-tipped darts (quivered)
 z - 3 silver boomerangs
 D - 4 throwing nets
 E - 2 datura-tipped darts
 R - 5 atropa-tipped darts
Armour
 b - a +0 robe (worn)
 c - a +2 cloak (worn)
 p - a scarf of repulsion
 K - +0 acid dragon scales
 M - a +2 kite shield
 N - a +2 pair of gloves (worn)
 Y - a +0 buckler
Jewellery
 a - a ring of positive energy
 s - an amulet of reflection (around neck)
 v - a ring of ice (right hand)
 H - a ring of magical power (left hand)
 U - a +6 ring of intelligence
 Z - a ring of fire
Wands
 m - a wand of quicksilver (8)
 C - a wand of flame (6)
 G - a wand of roots (5)
 S - a wand of charming (12)
Scrolls
 g - a scroll of immolation
 h - 4 scrolls of fog
 j - a scroll of amnesia
 r - a scroll of magic mapping
 x - 2 scrolls of vulnerability
 y - 3 scrolls of poison
 A - 3 scrolls of teleportation
 Q - a scroll of fear
Potions
 f - 5 potions of mutation
 i - 4 potions of brilliance
 k - a potion of haste
 l - 2 potions of curing
 o - 5 potions of might
 q - 2 potions of magic
 w - a potion of cancellation {unknown}
 I - 3 potions of heal wounds
 L - 5 potions of attraction
 O - a potion of invisibility {unknown}
 P - 3 potions of resistance
 V - a potion of lignification


   Skills:
 * Level 6.0 Fighting
 - Level 2.1 Short Blades
 - Level 2.0 Throwing
 - Level 7.2 Dodging
 - Level 8.0 Stealth
 + Level 12.1 Spellcasting
 + Level 12.2 Conjurations
 - Level 5.7 Translocations
 + Level 13.8 Fire Magic
 - Level 4.5 Ice Magic
 - Level 4.0 Earth Magic
 - Level 4.0 Poison Magic


You had 14 spell levels left.
You knew the following spells:

 Your Spells              Type           Power      Damage    Failure   Level
a - Ensorcelled Hibernat  Hex/Ice        46%        N/A       4%          2
b - Scorch                Fire           100%       2d10      1%          2
c - Iskenderun's Mystic   Conj/Tloc      36%        2d9       1%          4
d - Ignite Poison         Fire/Tmut/Pois 26%        N/A       1%          3
e - Olgreb's Toxic Radia  Pois           21%        N/A       4%          4
f - Irradiate             Conj/Tmut      13%        3d16      5%          5
g - Stone Arrow           Conj/Erth      66%        3d11      1%          3

Your spell library contained the following spells:

 Spells                   Type           Power      Damage    Failure   Level
 Iskenderun's Battlesphe  Conj           45%        2d10      1%          5
 Magic Dart               Conj           100%       1d8       1%          1
 Poisonous Vapours        Pois/Air       30%        N/A       1%          2
 Searing Ray              Conj           90%        2d7       1%          2
 Static Discharge         Conj/Air       27%        3-7/arc   1%          2
 Fulminant Prism          Conj/Hex       13%        3d9       1%          4
 Sticky Flame             Conj/Fire      48%        2d7       1%          4
 Sting                    Tmut/Pois      60%        1d6       3%          1
 Passwall                 Tmut/Erth      12%        N/A       5%          2
 Beastly Appendage        Tmut           18%        N/A       8%          1
 Slow                     Hex            36%        N/A       8%          1
 Spider Form              Tmut/Pois      15%        N/A       11%         3
 Lee's Rapid Deconstruct  Erth           10%        3d9*      11%         5
 Wereblood                Tmut           9%         N/A       12%         2
 Confusing Touch          Hex            9%         N/A       24%         3
 Swiftness                Air            9%         N/A       24%         3
 Vampiric Draining        Necr           9%         2d6       24%         3
 Anguish                  Hex/Necr       4%         N/A       61%         4
 Dispel Undead            Necr           9%         3d8       61%         4
 Enfeeble                 Hex            4%         N/A       100%        7


Dungeon Overview and Level Annotations

Branches:
Dungeon (10/15)            Temple (1/1) D:5            Lair (5/5) D:9
 Shoals (0/4) Lair:3        Snake (0/4) Lair:2        Slime (0/5) Lair:5
    Orc (1/2) D:10          IceCv (visited)

Altars:
Ashenzari
Cheibriados
Dithmenos
Elyvilon
Fedhas
Gozag
Hepliaklqana
Kikubaaqudgha
Makhleb
Nemelex Xobeh
Okawaru
Qazlal
Ru
Sif Muna
Trog
Uskayaw
Vehumet
Wu Jian
Xom
Yredelemnul
Zin
The Shining One

Shops:
D:4 :   D:5 *   D:10 (

Annotations:
D:8 1 runed translucent door, gelatine's ghost, novice DsGl
Lair:5 1 runed translucent door, exclusion: oklob plant


Innate Abilities, Weirdness & Mutations

You have a beak for a mouth.
You have claws for feet.
Your magical nature lets you fly swiftly and evasively.


Message History

The orc priest looks even sicker.
The orc wizard looks even sicker.
The orc warlord hits you with a +3 war axe!!
Unknown command.
Unknown command.
Casting: Olgreb's Toxic Radiance (dangerous; 4% risk of failure)
Confirm with . or Enter, or press ? or * to list all spells.
You ignite the poison in your surroundings!
The orc warlord seems to burn from within!!
The orc warlord is almost dead.
The orc priest seems to burn from within!!!
You kill the orc priest!
Vehumet accepts your kill.
You feel your power returning.
The orc seems to burn from within!
You kill the orc!
Vehumet accepts your kill.
You feel your power returning.
The orc warlord is poisoned.
Your toxic aura wanes.
You block the orc warlord's attack.
Unknown command.
Casting: Ignite Poison (safe; 1% risk of failure)
Confirm with . or Enter, or press ? or * to list all spells.
You ignite the poison in your surroundings!
The orc warlord seems to burn from within.
The orc warlord is almost dead.
The orc wizard seems to burn from within!
You kill the orc wizard!
Vehumet accepts your kill.
You feel your power returning.
The orc warlord hits you with a +3 war axe!!
* * * LOW HITPOINT WARNING * * *
An orc comes into view. It is wielding a +0 dagger.
Unknown command.
You feel much better.
The orc warlord hits you with a +3 war axe!
Unknown command.
You hit the orc warlord but do no damage.
You peck the orc warlord, but do no damage.
The orc warlord is almost dead.
The orc warlord hits you with a +3 war axe!!
You die...

## ## ##.
##.# ..
#...# #. ###
#...##.##.##
##.........#
#...).....##
#....#o)o@#
##.#))##)##
#..[.)###
#.......#
......#.)..#
#...))#...##
.#...).).##
..#.. ....
..##. .#..


You could see an orc warlord and an orc (strong).

Vanquished Creatures
  3 boulder beetles (Lair:4)
  9 hydras
  3 catoblepae
  2 two-headed ogres
  A merfolk avatar (Lair:5)
  8 death yaks
  A sea snake (Lair:5)
  A lindwurm (Lair:4)
  An orc sorcerer (Orc:1)
  A manticore (Lair:5)
  7 elephants (Lair:5)
  A guardian serpent (Lair:4)
  10 black mambas
  An ice statue (IceCv)
  10 cane toads
  9 komodo dragons
  A freezing wraith (IceCv)
  Maggie (D:6)
  6 rime drakes
  2 polar bears (Lair:5)
  3 hornets
  3 trolls
  13 blink frogs
  2 wind drakes (Lair:5)
  A snapping turtle (Lair:5)
  Sigmund (D:2)
  5 wyverns
  48 yaks
  A basilisk (Lair:1)
  3 steam dragons
  24 water moccasins
  An ice beast (D:7)
  4 ogres (Orc:1)
  2 black bears
  8 orc warriors
  3 sky beasts
  A centaur (D:6)
  9 wolves
  3 kobold brigands
  2 gnoll sergeants
  3 scorpions
  17 bullfrogs
  5 wights (D:9)
  4 killer bees (D:9)
  A howler monkey (D:5)
  6 hounds
  5 gnoll boudas
  5 orc priests
  5 iguanas
  12 orc wizards
  3 polar bear simulacra (IceCv)
  A wolf simulacrum (IceCv)
  37 gnolls
  7 adders
  A shadow imp (D:4)
  An ufetubus (D:4)
  6 worms
  5 dart slugs
  36 orcs
  10 endoplasms
  8 giant cockroaches
  2 hobgoblins
  15 kobolds
  5 quokkas
  6 ball pythons
  A frilled lizard (D:3)
  4 goblins
  3 rats
  A butterfly (Lair:3)
430 creatures vanquished.

Vanquished Creatures (collateral kills)
  A two-headed ogre (D:9)
  An ice statue (IceCv)
  A komodo dragon (D:9)
  3 yaks (D:5)
  A water moccasin (Lair:2)
7 creatures vanquished.

Vanquished Creatures (others)
  An ugly thing (IceCv)
  A black mamba (Lair:2)
  A yak (D:5)
  An ice beast (D:5)
  A killer bee (D:9)
  91 fungi
  142 plants
238 creatures vanquished.

Grand Total: 675 creatures vanquished

Notes
Turn   | Place    | Note
-------+----------+-------------------------------------------
     0 | D:1      | Shayle the Tengu Brigand began the quest for the Orb.
     0 | D:1      | Reached XP level 1. HP: 12/12 MP: 2/2
   123 | D:1      | Reached XP level 2. HP: 12/17 MP: 3/3
   420 | D:1      | Reached skill level 1 in Spellcasting
   420 | D:1      | Reached XP level 3. HP: 22/22 MP: 5/5
  1045 | D:2      | Reached XP level 4. HP: 16/27 MP: 5/7
  1254 | D:2      | Found a glowing silver altar of Zin.
  1281 | D:2      | Noticed Sigmund
  1954 | D:2      | Killed Sigmund
  1955 | D:2      | Reached skill level 5 in Stealth
  1955 | D:2      | Gained mutation: Your magical nature lets you fly swiftly
                  | and evasively. [Tengu growth]
  1955 | D:2      | Reached XP level 5. HP: 32/32 MP: 7/9
  1955 | D:2      | Reached XP level 6. HP: 37/37 MP: 7/10
  2137 | D:3      | Found a glowing golden altar of the Shining One.
  2167 | D:3      | Found a hazy altar of Hepliaklqana.
  3413 | D:4      | Learned a level 2 spell: Ensorcelled Hibernation
  3424 | D:4      | Found Niyhogen's Book Shop.
  3868 | D:4      | Reached XP level 7. HP: 42/42 MP: 12/12
  4293 | D:5      | Entered Level 5 of the Dungeon
  4483 | D:5      | Noticed a yak
  4485 | D:5      | Noticed a yak
  4486 | D:5      | Noticed a yak
  4501 | D:5      | Noticed a yak
  4504 | D:5      | Killed a yak
  4507 | D:5      | Killed a yak
  4511 | D:5      | Killed a yak
  4512 | D:5      | Reached XP level 8. HP: 48/48 MP: 12/14
  4512 | D:5      | Noticed a yak
  4514 | D:5      | Killed a yak
  4516 | D:5      | Noticed a yak
  4522 | D:5      | Killed a yak
  4523 | D:5      | Reached skill level 5 in Fighting
  4523 | D:5      | Reached skill level 5 in Dodging
  4557 | D:5      | Killed a yak
  4609 | D:5      | Found a staircase to the Ecumenical Temple.
  4617 | Temple   | Entered the Ecumenical Temple
  4671 | Temple   | Became a worshipper of Vehumet
  4878 | D:5      | Found a sacrificial altar of Ru.
  5109 | D:5      | Found Fatax's Assorted Antiques.
  5113 | D:5      | Bought a dazzling short sword for 208 gold pieces
  5113 | D:5      | Identified the +4 short sword "Oliubeqe" {vorpal, Fly} (You
                  | bought it in a shop on level 5 of the Dungeon)
  5113 | D:5      | Bought a scroll labelled XAOFERPH UROGH for 26 gold pieces
  5113 | D:5      | Bought a scroll labelled DOBBUN AVUDDIO for 26 gold pieces
  5192 | D:5      | Reached skill level 5 in Spellcasting
  5589 | D:6      | Found a broken altar of Ashenzari.
  5594 | D:6      | Reached XP level 9. HP: 54/54 MP: 16/18
  5745 | D:6      | Noticed Maggie
  5755 | D:6      | Killed Maggie
  5915 | D:6      | Reached skill level 1 in Fire Magic
  6303 | D:6      | Reached skill level 2 in Fire Magic
  6344 | D:6      | Found a shimmering altar of Xom.
  6354 | D:6      | Reached * piety under Vehumet
  6354 | D:6      | Offered knowledge of Freeze by Vehumet.
  6639 | D:6      | Reached skill level 3 in Fire Magic
  7118 | D:6      | Reached skill level 4 in Fire Magic
  7341 | D:7      | Reached skill level 1 in Ice Magic
  7378 | D:7      | Found a shadowy altar of Dithmenos.
  7757 | D:7      | Reached skill level 5 in Fire Magic
  8009 | D:8      | Reached XP level 10. HP: 59/59 MP: 21/21
  8059 | D:8      | Found a runed translucent door.
  8195 | D:8      | Reached skill level 6 in Fire Magic
  8201 | D:8      | Offered knowledge of Shock by Vehumet.
  8203 | D:8      | Reached ** piety under Vehumet
  8695 | D:8      | Reached skill level 7 in Fire Magic
  9028 | D:8      | Noticed gelatine's ghost (novice DsGl)
  9028 | D:8      | Identified the +4 trident of Karma {vorpal, rC+ Will- Int-4
                  | Dex+6}
  9410 | D:9      | Noticed a two-headed ogre
  9421 | D:9      | Killed a two-headed ogre
  9703 | D:9      | Reached skill level 8 in Fire Magic
 10363 | D:9      | Found a staircase to the Lair.
 10367 | D:9      | Offered knowledge of Scorch by Vehumet.
 10410 | D:9      | Learned a level 2 spell: Scorch
 10622 | D:9      | Noticed a two-headed ogre
 10644 | D:9      | Reached skill level 9 in Fire Magic
 10704 | D:9      | Found a sparkling altar of Nemelex Xobeh.
 10706 | D:9      | Found a basalt altar of Yredelemnul.
 10783 | D:9      | Reached XP level 11. HP: 60/64 MP: 24/24
 11054 | D:9      | Reached skill level 1 in Conjurations
 11058 | D:9      | Reached *** piety under Vehumet
 11531 | D:9      | Learned a level 4 spell: Iskenderun's Mystic Blast
 11651 | D:9      | Killed a two-headed ogre
 11737 | D:9      | Found an ornate altar of the Wu Jian Council.
 12260 | Lair:1   | Entered Level 1 of the Lair of Beasts
 12561 | Lair:1   | Reached skill level 10 in Fire Magic
 13233 | Lair:1   | Found an iron altar of Okawaru.
 13457 | Lair:1   | Reached skill level 1 in Translocations
 13705 | D:7      | Offered knowledge of Inner Flame by Vehumet.
 13772 | D:4      | Bought Todan's Textbook on Moulding for 338 gold pieces
 13776 | D:4      | Learned a level 3 spell: Ignite Poison
 13847 | D:4      | Learned a level 4 spell: Olgreb's Toxic Radiance
 14030 | Lair:1   | Reached skill level 5 in Conjurations
 14141 | Lair:1   | Reached skill level 1 in Poison Magic
 14187 | Lair:1   | Reached XP level 12. HP: 64/68 MP: 22/26
 15392 | Lair:2   | Learned a level 5 spell: Irradiate
 15410 | Lair:2   | Found a staircase to the Snake Pit.
 16251 | Lair:2   | Reached **** piety under Vehumet
 16392 | Lair:2   | Reached skill level 11 in Fire Magic
 16535 | Lair:3   | Reached skill level 10 in Spellcasting
 16757 | Lair:3   | Offered knowledge of Stone Arrow by Vehumet.
 16832 | Lair:3   | Learned a level 3 spell: Stone Arrow
 16834 | Lair:3   | Noticed a five-headed hydra
 16843 | Lair:3   | Killed a five-headed hydra
 17048 | Lair:3   | Found a staircase to the Shoals.
 17372 | Lair:3   | Noticed a death yak
 18115 | Lair:3   | Noticed a death yak
 18115 | Lair:3   | Noticed a death yak
 18116 | Lair:3   | Noticed a death yak
 18130 | Lair:3   | Killed a death yak
 18137 | Lair:3   | Killed a death yak
 18377 | Lair:3   | Killed a death yak
 18378 | Lair:3   | Reached XP level 13. HP: 59/72 MP: 16/28
 18938 | Lair:4   | Reached skill level 5 in Translocations
 18938 | Lair:4   | Reached skill level 12 in Fire Magic
 20880 | Lair:4   | Found the +3 pair of seven-league boots {Rampage+∞}
 20982 | Lair:5   | Entered Level 5 of the Lair of Beasts
 21226 | Lair:5   | Reached skill level 10 in Conjurations
 21404 | Lair:5   | Found a runed translucent door.
 21410 | Lair:5   | Found a staircase to the Slime Pits.
 21432 | Lair:5   | Reached skill level 1 in Earth Magic
 21648 | Lair:5   | Reached ***** piety under Vehumet
 21714 | Lair:5   | Offered knowledge of Spellforged Servitor by Vehumet.
 22014 | Lair:5   | Reached XP level 14. HP: 78/78 MP: 24/30
 22173 | Lair:5   | Reached skill level 13 in Fire Magic
 23861 | Lair:5   | Identified the +11 trident of a sewer {venom, rC+ Will+}
 24752 | D:10     | Entered Level 10 of the Dungeon
 24769 | D:10     | Found Wadusas's Weapon Boutique.
 24771 | D:10     | Found a staircase to the Orcish Mines.
 24948 | Orc:1    | Entered Level 1 of the Orcish Mines
 25059 | Orc:1    | Found a frozen archway.
 25068 | IceCv    | Entered an ice cave
 25306 | IceCv    | Found a transporter.
 25348 | IceCv    | Found a transporter.
 25374 | IceCv    | Offered knowledge of Iskenderun's Battlesphere by Vehumet.
 25920 | Orc:1    | Noticed an orc warlord
 25938 | Orc:1    | Slain by an orc warlord

Illustrated notes

Levels and vault maps discovered:
D:1:      scummos_arrival_star, layout_loops_ring, st_stairs_9,
          serial_park_tiny_2, minmay_shallow_snake_nest
D:2:      layout_loops_ring, basic_altar, uniq_sigmund
D:3:      layout_basic, mainiacjoe_overflow_two_lobes, minmay_misc_feat_square,
          minivault_26, nicolae_kite_square_tiling_tiny
D:4:      layout_cave_pools, serial_shops, shop, nicolae_wormholes
D:5:      layout_basic, overflow_temple_1_default, minmay_temple_entry_ruins,
          serial_shops, shop_statue
D:6:      layout_loops_ring, mainiacjoe_overflow_tiny_flanked,
          nicolae_ashenzari_skybound, kennysheep_doodads, uniq_maggie
D:7:      layout_loops_ring, amcnicky_altar_gilded
D:8:      kennysheep_six_static_rooms, layout_basic, ebering_ghost_funeral_grove
D:9:      layout_basic, nicolae_overflow_hidden_temple,
          due_lair_maze_entry_diamond, chequers_serial_rivers_small_a
D:10:     layout_irregular_city, orc_david_3
Temple:   minmay_temple_bridge_abc
Lair:1:   layout_chaotic_city, basic_altar, beast_lair_carwin_10,
          serial_bayou_shore_a, grunt_megastairs_3
Lair:2:   layout_cave_pods, minmay_snake_entry_six_corridors,
          lemuel_fruit_fields
Lair:3:   layout_long_grid, shoals_dummy_entry, beast_lair_carwin_3,
          lemuel_fruit_fields
Lair:4:   hellmonk_destroyed_diamonds, layout_loops_ring,
          hellmonk_guarded_unrand_seven_league_boots
Lair:5:   gammafunk_lair_ancient_temple, layout_cellular_growth, slime_entry_2,
          serial_rivers, chequers_serial_rivers_micro_b,
          chequers_serial_rivers_room_a, chequers_serial_rivers_small_3,
          chequers_serial_rivers_micro_e, chequers_serial_rivers_small_3,
          chequers_serial_rivers_micro_a
Orc:1:    layout_caves, portal_ice_cave_rime, abandoned_shop

Skill      XL: |  1  2  3  4  5  6  7  8  9 10 11 12 13 14 |
---------------+-------------------------------------------+-----
Spellcasting   | 1 2 3 5 7 8 9 10 11 12 | 12.1
Dodging        | 2 3 4 5 7 |  7.2
Fighting       | 3 4 5 6 |  6.0
Stealth        | 5 6 7 8 |  8.0
Fire Magic     | 5 9 10 11 12 13 | 13.8
Ice Magic      | 2 4 |  4.5
Conjurations   | 5 8 10 12 | 12.2
Translocations | 2 4 5 |  5.7
Poison Magic   | 1 4 |  4.0
Earth Magic    | 2 4 |  4.0
Short Blades   | |  2.1
Throwing       | |  2.0

Action                   |  1- 3 |  4- 6 |  7- 9 | 10-12 | 13-15 || total
-------------------------+-------+-------+-------+-------+-------++-------
Melee: Dagger            |    78 |    17 |   134 |    57 |       ||   286
       Kick              |    17 |    16 |    40 |    49 |    16 ||   138
       Peck              |     3 |     7 |    21 |    29 |     9 ||    69
       Halberd           |       |    74 |    18 |       |       ||    92
       Punch             |       |       |     1 |     1 |       ||     2
       Short sword       |       |       |       |   118 |    23 ||   141
       Trident           |       |       |       |       |    16 ||    16
Throw: Dart              |     1 |     7 |    16 |     2 |       ||    26
 Cast: Ensorcelled Hiber |       |       |    77 |    95 |     5 ||   177
       Scorch            |       |       |       |   168 |    14 ||   182
       Iskenderun's Myst |       |       |       |    67 |    63 ||   130
       Olgreb's Toxic Ra |       |       |       |    23 |    87 ||   110
       Ignite Poison     |       |       |       |    13 |    57 ||    70
       Stone Arrow       |       |       |       |     5 |    85 ||    90
       Irradiate         |       |       |       |       |     1 ||     1
Evoke: Wand              |       |     2 |     6 |     2 |     3 ||    13
  Use: Potion            |       |     1 |       |     3 |     9 ||    13
       Scroll            |       |       |    10 |    17 |     8 ||    35
 Stab: Sleeping          |    10 |     9 |    37 |    50 |     9 ||   115
       Petrified         |       |       |       |       |     6 ||     6
Armor: Robe              |    14 |     9 |    39 |    32 |    23 ||   117
       Skin              |       |       |       |       |     2 ||     2
Dodge: Dodged            |    43 |    69 |   132 |   273 |    82 ||   599
Block: Other             |       |       |       |       |    25 ||    25
       Reflection        |       |       |       |       |     1 ||     1
